 Dungeon Crawl Stone Soup version 0.30-a0-737-gf23d94013f (webtiles) character file.

Game seed: 3997319527086666573

15853 kae the Fencer (level 12, -5/103 HPs)
             Began as a Minotaur Fighter on Feb 1, 2023.
             Was an Elder of Qazlal.
             Slain by a yak (7 damage)
             ... on level 2 of the Lair of Beasts.
             The game lasted 00:09:22 (11215 turns).

kae the Fencer (Minotaur Fighter)                  Turns: 11215, Time: 00:09:23

Health: -5/103     AC: 18    Str: 28    XL:     12   Next: 4%
Magic:  11/11      EV: 10    Int:  5    God:    Qazlal [****..]
Gold:   659        SH:  5    Dex: 11    Spells: 11/11 levels left

rFire   . . .      SeeInvis .    b - +4 great sword
rCold   . . .      Faith    .    (shield currently unavailable)
rNeg    . . .      Spirit   .    I - +4 ring mail of the Moon {Str+3}
rPois   .          Reflect  .    (helmet restricted)
rElec   .          Harm     .    H - +0 cloak
rCorr   .          Rampage  .    t - +2 pair of gloves
Will    .....                    f - +1 pair of boots Stlth
                                 (no amulet)
HPRegen 0.37/turn                (no ring)
MPRegen 0.12/turn                (no ring)

@: on berserk cooldown, slowed, repel missiles, very slow
A: horns 2, retaliatory headbutt
a: Renounce Religion, Upheaval, Elemental Force


You were on level 2 of the Lair of Beasts.
You worshipped Qazlal.
Qazlal was greatly pleased with you.
You visited 3 branches of the dungeon, and saw 13 of its levels.

You collected 659 gold pieces.


Innate Abilities, Weirdness & Mutations

You have a pair of horns on your head.
You reflexively headbutt those who attack you in melee.


   Skills:
 + Level 8.9 Fighting
 - Level 20.0 Long Blades
 - Level 8.9 Armour
 - Level 3.6 Shields
 - Level 1.0 Invocations


You had 11 spell levels left.
You didn't know any spells.
Your spell library contained the following spells:

 Spells                   Type           Power      Damage    Failure   Level
 Sandblast                Erth           0%         2d4       58%         1
 Ensorcelled Hibernation  Hex/Ice        0%         N/A       73%         2
 Passwall                 Tmut/Erth      0%         N/A       73%         2
 Spider Form              Tmut/Pois      0%         N/A       91%         3
 Stone Arrow              Conj/Erth      0%         3d7       91%         3
 Anguish                  Hex/Necr       0%         N/A       100%        4
 Enfeeble                 Hex            0%         N/A       100%        7

Inventory:

Hand Weapons
 a - a +1 long sword of flaming
 b - a +4 great sword (weapon)
   (You took it off a wight on level 7 of the Dungeon)
 A - a +3 long sword
   (You took it off a wight on level 7 of the Dungeon)
Missiles
 i - 70 stones (quivered)
 r - 31 poisoned darts
 z - 3 boomerangs
 B - 4 atropa-tipped darts
 J - a curare-tipped dart {=f}
 M - a throwing net {=f!f}
Armour
 f - a +1 pair of boots (worn)
   (You found it on level 6 of the Dungeon)
 t - a +2 pair of gloves (worn)
   (You found it on level 6 of the Dungeon)
 H - a +0 cloak (worn)
   (You took it off Crazy Yiuf on level 7 of the Dungeon)
 I - the +4 ring mail of the Moon (worn) {Str+3}
   (You found it on level 8 of the Dungeon)

   Str:       It affects your strength (+3).
Magical Staves
 s - a staff of death {!a}
   (You found it on level 3 of the Dungeon)
 K - a staff of earth {!a}
   (You found it on level 9 of the Dungeon)
Jewellery
 C - a ring of ice
   (You found it on level 1 of the Dungeon)
Wands
 h - a wand of digging (3)
   (You found it on level 3 of the Dungeon)
 y - a wand of charming (1)
   (You found it on level 2 of the Dungeon)
 D - a wand of roots (2)
   (You found it on level 7 of the Dungeon)
 L - a wand of flame (2)
   (You took it off a kobold on level 10 of the Dungeon)
Scrolls
 e - 3 scrolls of enchant weapon
 j - a scroll of vulnerability {!r!r}
 m - a scroll of brand weapon
 o - 2 scrolls of blinking {!r}
 E - 5 scrolls of enchant armour
 F - a scroll of immolation {!r!r}
 G - a scroll of fear
 N - a scroll of teleportation {unknown}
 O - a scroll of identify {@r1}
Potions
 c - 2 potions of curing {@q1}
 d - 2 potions of might
 g - a potion of haste {@q3}
 l - 3 potions of ambrosia
 n - a potion of brilliance
 p - 6 potions of mutation {!q}
 q - a potion of invisibility
 u - 4 potions of berserk rage {!q}
 v - a potion of magic
 w - 4 potions of heal wounds {@q2}
 x - 3 potions of cancellation
Miscellaneous
 k - a phantom mirror
   (You found it on level 4 of the Dungeon)

Dungeon Overview and Level Annotations

Branches:
Dungeon (10/15) Zot: 25795  Temple (1/1) D:7 Zot: 5823    Lair (1/5) D:8 Zot: 10928
    Orc (0/2) D:10

Altars:
Ashenzari
Cheibriados
Dithmenos
Elyvilon
Fedhas
Gozag
Hepliaklqana
Kikubaaqudgha
Makhleb
Nemelex Xobeh
Okawaru
Qazlal
Ru
Sif Muna
Trog
Uskayaw
Vehumet
Wu Jian
Xom
Yredelemnul
Zin
The Shining One
Lugonu

Shops:
D:1 (   D:9 :

Annotations:
D:7 2 transporters, bmj180's ghost, novice GrEE
D:8 4 transporters .. .! #.# #.# ly#

#.. .. yy .. .. #y#
#.###.## #yy#.§.#... ...
#yYY#...# ....
#@###.###..##.
#.†#...#......
##.§.....#.... #
##..#........ #.
######..#...#...# #.#
#..#.##........###.#.
#....####.##.##.#.#..
#....##..#..#..#÷#÷..
##.#....####.##.##.#.[.#


You could see 2 yaks, a queen bee, a wyvern and 6 killer bees.


Message History

You closely miss the basilisk.
You hear an angry buzzing noise.
The basilisk bites you but does no damage.
You slash the basilisk!
You kill the basilisk!
Qazlal accepts your kill.
You feel sick.
The killer bee rages.
Training target 20.0 for Long Blades reached!
Your Long Blades skill increases to level 20!
You need to enable at least one skill for training.
You barely miss the wolf.
You feel sick. The wolf closely misses you. 😮 HP[-1]
You take 1 damage, and now have 111/154 hp.
Unknown command.
You slash the wolf! Your headbutt misses the wolf. The wolf bites you. 😮 HP[-1]
You take 1 damage, and now have 110/154 hp.
You closely miss the wolf. Your headbutt misses the wolf.
You feel sick.
The killer bee rages. 😮 HP[-1]
You take 1 damage, and now have 109/154 hp.
Unknown command.
You miss the wolf. You block the wolf's attack.
You closely miss the wolf.
You feel sick. You block the wolf's attack.
You slash the wolf!
You kill the wolf!
Qazlal accepts your kill.
The killer bee is no longer berserk.
A killer bee comes into view.
The queen bee calls on the killer bee to defend it!
The killer bee goes berserk!
You slice the killer bee!!
You kill the killer bee!
Qazlal accepts your kill.
You feel sick. 😮 HP[-1]
You take 1 damage, and now have 108/154 hp.
You are no longer berserk.
You are exhausted.
You feel yourself slow down. The yak gores you but does no damage.
The yak closely misses you. You furiously retaliate!
You headbutt the yak, but do no damage.
The queen bee stings you but does no damage.
Items here: †††††. 😮 HP[-36]
You now have 103 max hp (-51).
You hit the queen bee. Your headbutt misses the queen bee.
You feel sick.
You are no longer poisoned.
The yak closely misses you. You furiously retaliate!
You headbutt the yak! The yak gores you. The queen bee stings you!
You are poisoned.
The queen bee poisons you! 😮 HP[-12]
You take 12 damage, and now have 60/103 hp.
You closely miss the queen bee.
You feel very sick. You block the yak's attack.
The yak gores you but does no damage.
The queen bee barely misses you. 😮 HP[-6]
You take 6 damage, and now have 54/103 hp.
Unknown command.
You barely miss the queen bee.
You feel very sick.
You block the yak's attack. x2; The queen bee barely misses you. 😨 HP[-5]
You take 5 damage, and now have 49/103 hp.
Unknown command.
You barely miss the queen bee.
You headbutt the queen bee, but do no damage.
You feel very sick. The yak gores you!
* * * LOW HITPOINT WARNING * * *
The yak gores you.
* * * LOW HITPOINT WARNING * * *
The queen bee stings you!
* * * LOW HITPOINT WARNING * * *
You are lethally poisoned!
The queen bee poisons you! 😱 HP[-25]
You take 25 damage, and now have 24/103 hp.
MASSIVE DAMAGE!! (PAUSE)
You slash the queen bee!
* * * LOW HITPOINT WARNING * * *
You feel very sick. You block the yak's attack. The yak gores you!
* * * LOW HITPOINT WARNING * * *
The queen bee closely misses you. You furiously retaliate!
You headbutt the queen bee! 😱 HP[-15]
You take 15 damage, and now have 9/103 hp.
Okay, then.
You feel better.
The killer bee looks more energetic.
The yak barely misses you. You furiously retaliate!
You headbutt the yak! The yak barely misses you. The queen bee stings you!
* * * LOW HITPOINT WARNING * * *
The queen bee closely misses you. The yak gores you.
* * * LOW HITPOINT WARNING * * *
The yak gores you!
You die...

Skill      XL: |  1  2  3  4  5  6  7  8  9 10 11 12 |
---------------+-------------------------------------+-----
Fighting       | 4 5 6 8 |  8.9
Armour         | 4 5 6 8 |  8.9
Long Blades    | 3 4 5 6 8 10 13 16 19 20 | 20.0
Invocations    | 1 |  1.0
Shields        | |  3.6

Action                     |  1- 3 |  4- 6 |  7- 9 | 10-12 || total
---------------------------+-------+-------+-------+-------++-------
  Melee: Long sword        |    90 |   158 |   245 |       ||   493
         Headbutt          |    11 |    28 |    46 |    76 ||   161
         Great sword       |       |       |    38 |   455 ||   493
    Use: Scroll            |       |     8 |     8 |     5 ||    21
         Potion            |       |       |       |     5 ||     5
 Armour: Scale mail        |    38 |    73 |   165 |    18 ||   294
         Ring mail         |       |       |       |   142 ||   142
  Dodge: Dodged            |    48 |    69 |    93 |   172 ||   382
  Block: Buckler           |    21 |    35 |    38 |       ||    94
         Other             |       |       |       |    61 ||    61

Levels and vault maps discovered:
D:1:      dpeg_arrival_concentric_ovals, layout_rooms, serial_shops,
          nicolae_shop_bloodbath_and_beyond, st_stairs_11
D:2:      layout_basic, uniq_natasha
D:3:      layout_loops_ring, grunt_ministairs_1, kennysheep_jessica_study,
          uniq_terence
D:4:      layout_rooms, lemuel_crystal_altar, nicolae_overflow_quartered_altars,
          chequers_mini_garden, minmay_checkerbox
D:5:      layout_basic, trog_ov_bears_minmay, led_sif_book,
          minmay_a_box_with_orc_wizards_in_it
D:6:      layout_loops_ring, uniq_prince_ribbit1
D:7:      layout_loops_ring, lemuel_zombie_altar_yredelemnul,
          minmay_temple_entry_large_hall, gammafunk_ghost_stat_death,
          uniq_crazy_yiuf_cottage
D:8:      gammafunk_corrupted_shrine, layout_basic,
          mainiacjoe_overflow_chevrons, david_lair_shrubbed,
          nicolae_diode_stairs
D:9:      layout_roguey, serial_shops, kennysheep_little_box, billiards_dpeg,
          uniq_pikel, uniq_maggie
D:10:     layout_cave_pods, zombieorc2_lemuel, chequers_garden
Temple:   compressed_dpeg_triangle_lava_temple
Lair:1:   layout_roguey, minivault_19, nicolae_lair_lakeside_cave
Lair:2:   hangedman_what_comes_after_a, layout_misc_corridors,
          gammafunk_ghost_grave, grunt_megastairs_3

Notes
Turn   | Place    | Note
-------+----------+-------------------------------------------
     0 | D:1      | kae the Minotaur Fighter began the quest for the Orb.
     0 | D:1      | Reached XP level 1. HP: 19/19 MP: 0/0
     0 | D:1      | magus.rc [v1.11.3]
   177 | D:1      | Reached XP level 2. HP: 22/27 MP: 1/1
   202 | D:1      | Found Jeg Hyicw's Weapon Boutique.
   244 | D:1      | Reached skill level 4 in Fighting
   244 | D:1      | Reached skill level 4 in Armour
   344 | D:1      | Reached skill level 3 in Long Blades
   631 | D:2      | Reached XP level 3. HP: 33/33 MP: 2/2
   649 | D:2      | Noticed Natasha
   668 | D:2      | Killed Natasha
   803 | D:2      | Reached XP level 4. HP: 41/41 MP: 3/3
   960 | D:2      | Noticed Natasha
   967 | D:2      | Killed Natasha
   968 | D:2      | Reached skill level 4 in Long Blades
  1104 | D:2      | You fall into a shaft and drop 2 floors!
  1237 | D:4      | Reached XP level 5. HP: 42/47 MP: 4/4
  1253 | D:4      | Reached skill level 5 in Fighting
  1253 | D:4      | Reached skill level 5 in Long Blades
  1253 | D:4      | Reached skill level 5 in Armour
  1406 | D:4      | Found a broken altar of Ashenzari.
  1538 | D:4      | Reached XP level 6. HP: 45/56 MP: 5/5
  1717 | D:3      | Reached skill level 6 in Long Blades
  1866 | D:3      | Noticed Terence
  1874 | D:3      | Killed Terence
  2051 | D:2      | Noticed Natasha
  2056 | D:2      | Killed Natasha
  2445 | D:3      | Noticed Jessica
  2451 | D:3      | Killed Jessica
  2767 | D:4      | Found a glowing silver altar of Zin.
  2768 | D:4      | Found a hide-covered altar of Uskayaw.
  2769 | D:4      | Found an ornate altar of the Wu Jian Council.
  2783 | D:4      | Found a sacrificial altar of Ru.
  3025 | D:4      | Reached XP level 7. HP: 48/62 MP: 6/6
  3085 | D:5      | Entered Level 5 of the Dungeon
  3113 | D:5      | Reached skill level 6 in Armour
  3148 | D:5      | Reached skill level 6 in Fighting
  3153 | D:5      | Reached skill level 7 in Long Blades
  3289 | D:5      | You pick up a book of Dreams and begin reading...
  3289 | D:5      | You add the spells Ensorcelled Hibernation, Spider Form and
                  | Anguish to your library.
  3419 | D:5      | Found a bloodstained altar of Trog.
  3492 | D:5      | HP: 13/64 [poisoned by a water moccasin]
  3495 | D:5      | Reached skill level 8 in Long Blades
  3495 | D:5      | Reached XP level 8. HP: 11/71 MP: 7/7
  3497 | D:5      | HP: 8/71 [poisoned by a water moccasin]
  4084 | D:5      | Found a shimmering blue altar of Sif Muna.
  4256 | D:6      | Reached skill level 7 in Fighting
  4256 | D:6      | Reached skill level 7 in Armour
  4423 | D:6      | Reached skill level 9 in Long Blades
  4454 | D:6      | Noticed Prince Ribbit
  4466 | D:6      | Killed Prince Ribbit
  5145 | D:6      | Reached skill level 10 in Long Blades
  5268 | D:7      | Reached skill level 8 in Fighting
  5268 | D:7      | Reached skill level 8 in Armour
  5268 | D:7      | Reached XP level 9. HP: 64/81 MP: 8/8
  5367 | D:7      | Found a transporter.
  5534 | D:7      | Found a basalt altar of Yredelemnul.
  5572 | D:7      | Reached skill level 11 in Long Blades
  5590 | D:7      | Found a staircase to the Ecumenical Temple.
  5645 | Temple   | Entered the Ecumenical Temple
  5812 | Temple   | Became a worshipper of Qazlal Stormbringer
  5913 | D:7      | Found a transporter.
  5983 | D:7      | Noticed bmj180's ghost (novice GrEE)
  6218 | D:7      | Reached skill level 1 in Invocations
  6297 | D:7      | Found a runed translucent door.
  6298 | D:7      | Noticed Crazy Yiuf
  6309 | D:7      | Killed Crazy Yiuf
  6396 | D:8      | Found a transporter.
  6403 | D:8      | Found a corrupted altar of Lugonu.
  6441 | D:8      | Found a white marble altar of Elyvilon.
  6475 | D:8      | Noticed a komodo dragon
  6476 | D:8      | Found a staircase to the Lair.
  6486 | D:8      | HP: 15/81 [komodo dragon (19)]
  6487 | D:8      | Killed a komodo dragon
  6488 | D:8      | Reached skill level 12 in Long Blades
  7001 | D:8      | Reached skill level 13 in Long Blades
  7001 | D:8      | Reached XP level 10. HP: 82/90 MP: 9/9
  7071 | D:8      | Found a transporter.
  7089 | D:8      | Identified the +4 ring mail of the Moon {Str+3}
  7091 | D:8      | Found a transporter.
  7091 | D:8      | Noticed a brown ugly thing
  7091 | D:8      | Noticed a purple ugly thing
  7181 | D:8      | Reached * piety under Qazlal
  7414 | D:8      | Found a transporter.
  7541 | D:9      | Noticed a manticore
  7551 | D:9      | Killed a manticore
  7552 | D:9      | Reached skill level 14 in Long Blades
  7701 | D:9      | Noticed Maggie
  7710 | D:9      | Killed Maggie
  7750 | D:9      | Reached skill level 15 in Long Blades
  7938 | D:9      | Reached skill level 16 in Long Blades
  8218 | D:9      | Noticed a two-headed ogre
  8228 | D:9      | HP: 18/90 [two-headed ogre/+0 giant club (10)]
  8229 | D:9      | Killed a two-headed ogre
  8230 | D:9      | Reached XP level 11. HP: 20/95 MP: 10/10
  8464 | D:9      | Reached ** piety under Qazlal
  8690 | D:9      | Noticed Pikel
  8701 | D:9      | Killed Pikel
  8702 | D:9      | Reached skill level 17 in Long Blades
  8806 | D:9      | Found Uwits's Book Emporium.
  8865 | D:10     | Entered Level 10 of the Dungeon
  9084 | D:10     | Noticed an orc sorcerer
  9085 | D:10     | Found a staircase to the Orcish Mines.
  9114 | D:10     | Killed an orc sorcerer
  9130 | D:10     | Reached skill level 18 in Long Blades
  9146 | D:10     | Reached *** piety under Qazlal
  9172 | D:10     | You pick up a book of Geomancy and begin reading...
  9172 | D:10     | You add the spells Sandblast, Passwall and Stone Arrow to
                  | your library.
 10094 | Lair:1   | Entered Level 1 of the Lair of Beasts
 10489 | Lair:1   | You pick up a book of Maledictions and begin reading...
 10677 | Lair:1   | You fall into a shaft and drop 1 floor!
 10698 | Lair:2   | Reached **** piety under Qazlal
 10715 | Lair:2   | Reached skill level 19 in Long Blades
 10746 | Lair:2   | HP: 18/95 [wyvern (12)]
 10751 | Lair:2   | HP: 11/95 [poisoned by a killer bee]
 10756 | Lair:2   | HP: 6/95 [poisoned by a killer bee]
 11189 | Lair:2   | Reached XP level 12. HP: 103/103 MP: 11/11
 11202 | Lair:2   | Reached skill level 20 in Long Blades
 11213 | Lair:2   | HP: 24/103 [queen bee (12)]
 11214 | Lair:2   | HP: 9/103 [yak (9)]
 11215 | Lair:2   | HP: 2/103 [yak (3)]
 11215 | Lair:2   | Slain by a yak

Vanquished Creatures
  A two-headed ogre (D:9)
  Pikel (D:9)
  A manticore (D:9)
  An orc sorcerer (D:10)
  Maggie (D:9)
  2 cane toads
  2 komodo dragons
  A rime drake (Lair:2)
  A troll (D:10)
  Prince Ribbit (D:6)
  A shadow (D:10)
  A vampire (D:10)
  3 wyverns (Lair:2)
  28 yaks
  2 basilisks (Lair:2)
  A wraith (D:9)
  3 steam dragons
  2 acid dragons (D:9)
  8 water moccasins
  4 black bears
  2 orc warriors (D:9)
  2 sky beasts
  2 ogres
  2 wolves (Lair:2)
  A phantom (D:10)
  A centaur (D:8)
  2 kobold brigands
  A gnoll sergeant (D:10)
  4 bullfrogs
  2 scorpions
  2 necrophages
  2 troll zombies (D:10)
  9 wights (D:7)
  28 killer bees
  5 howler monkeys
  2 jellies
  9 orc priests
  Crazy Yiuf (D:7)
  Jessica (D:3)
  3 iguanas
  Natasha (thrice) (D:2)
  17 orc wizards
  5 hell rats (Lair:1)
  Terence (D:3)
  2 killer bee zombies (D:7)
  6 ogre zombies (D:10)
  10 adders
  11 gnolls
  A shadow imp (D:7)
  A white imp (D:6)
  2 ufetubi (D:6)
  3 worms
  43 orcs
  8 ball pythons
  7 endoplasms
  4 giant cockroaches
  8 hobgoblins
  5 quokkas
  5 bats
  5 frilled lizards
  6 goblins
  A goblin skeleton (D:10)
  3 goblin zombies (D:10)
  2 hobgoblin skeletons (D:10)
  2 hobgoblin zombies (D:10)
  11 kobolds
  An orc skeleton (D:10)
  16 orc zombies (D:10)
  4 rats
339 creatures vanquished.

Vanquished Creatures (others)
  An orc (D:7)
  2 fungi (Lair:2)
  5 plants
8 creatures vanquished.

Grand Total: 347 creatures vanquished

Table legend:
 A = Non-vault XP
 B = Vault XP
 C = Vault XP percentage of total XP
 D = Non-vault monster count
 E = Vault monster count
 F = Vault count percentage of total count
                 A         B        C        D         E       F
            +---------+---------+-------+---------+---------+-------
      Total |   14786 |    7862 |  34.7 |     234 |     105 |  31.0
            +---------+---------+-------+---------+---------+-------
        D:1 |      26 |       5 |  16.1 |      16 |       4 |  20.0
        D:2 |     130 |      35 |  21.2 |      20 |       1 |   4.8
        D:3 |      97 |     125 |  56.3 |      22 |       9 |  29.0
        D:4 |     308 |     108 |  26.0 |      18 |       4 |  18.2
        D:5 |     433 |     382 |  46.9 |      12 |       6 |  33.3
        D:6 |     713 |     277 |  28.0 |      25 |       1 |   3.8
        D:7 |    1613 |      99 |   5.8 |      29 |       3 |   9.4
        D:8 |    1854 |     378 |  16.9 |      20 |       1 |   4.8
        D:9 |    5050 |    1254 |  19.9 |      30 |       5 |  14.3
       D:10 |    2082 |    1221 |  37.0 |      26 |      36 |  58.1
     Lair:1 |    1430 |       0 |   0.0 |      11 |       0 |   0.0
     Lair:2 |    1050 |    3978 |  79.1 |       5 |      35 |  87.5
            +---------+---------+-------+---------+---------+-------

Illustrated notes

Table legend:
 A = Kills in this place as a percentage of kills in entire the game.
 B = Kills by you in this place as a percentage of kills by you in the entire game.
 C = Kills by friends in this place as a percentage of kills by friends in the entire game.
 D = Other kills in this place as a percentage of other kills in the entire game.
 E = Experience gained in this place as a percentage of experience gained in the entire game.
 F = Experience gained in this place divided by the number of levels of this place that you have seen.
                   A       B       C       D       E      F
               +-------+-------+-------+-------+-------+----------------------
         Total | 100.0 | 100.0 |   N/A |   N/A | 100.0 | 1742.2
       Dungeon |  85.0 |  85.0 |   N/A |   N/A |  71.5 | 1619.0
          Lair |  15.0 |  15.0 |   N/A |   N/A |  28.5 | 3229.0
               +-------+-------+-------+-------+-------+----------------------

Table legend: (Time is in decaauts)
 A = Elapsed time spent in this place.
 B = Non-inter-level travel time spent in this place.
 C = Inter-level travel time spent in this place.
 D = Time resting spent in this place.
 E = Time spent auto-exploring this place.
 F = Levels seen in this place.
 G = Mean time per level.
                   A        B        C        D        E       F      G
               +--------+--------+--------+--------+--------+-----+--------+
         Total |  11189 |  10816 |    373 |    834 |   8175 |  13 |  860.7 |
       Dungeon |   9942 |   9589 |    353 |    478 |   7498 |  10 |  994.2 |
        Temple |    176 |    157 |     19 |      0 |    148 |   1 |  176.0 |
          Lair |   1070 |   1070 |      0 |    356 |    529 |   2 |  535.0 |
               +--------+--------+--------+--------+--------+-----+--------+

Top non-repeatable levels by time:
     D:9: 1410 daAuts
     D:8: 1166 daAuts
    D:10: 1142 daAuts
     D:5: 1126 daAuts
     D:6: 1043 daAuts
     D:3: 1039 daAuts
     D:7: 903 daAuts
     D:4: 795 daAuts
     D:2: 758 daAuts
  Lair:1: 573 daAuts
     D:1: 556 daAuts
  Lair:2: 496 daAuts
  Temple: 176 daAuts
